SAA
PROVIDENCE PILGRIMS @ OTTAWA NATIONALS
05/22/2042
 
TOP OF THE 1ST
Providence Pilgrims batting - Pitching for Ottawa Nationals : RHP Ernest Brock
Pitching: RHP Ernest Brock
Batting: LHB César Valtez 0-0: Ground out 4-3 (Groundball, 4M, EV 93.1 MPH)
Batting: RHB Carlos González 0-0: Ball
1-0: Ball
2-0: Ball
3-0: Base on Balls
Batting: RHB Chris Hall 0-0: Ball
1-0: Ball
2-0: Ball
3-0: Grounds into double play, 6-4-3 (Groundball, 6, EV 98.1 MPH)
Top of the 1st over - 0 runs, 0 hits, 0 errors, 0 left on base; Providence 0 - Ottawa 0
BOTTOM OF THE 1ST
Ottawa Nationals batting - Pitching for Providence Pilgrims : RHP Rick Hubbard
Pitching: RHP Rick Hubbard
Batting: LHB Knox Loposer 0-0: Called Strike
0-1: Foul Ball, location: 2F
0-2: Ball
1-2: Strikes out swinging
Batting: SHB Aristotle Auer 0-0: Ball
1-0: Ball
2-0: Ball
3-0: Called Strike
3-1: Base on Balls
Batting: SHB Marcos Román 0-0: Called Strike
0-1: Foul Ball, location: 2F
0-2: Foul Ball, location: 2F
0-2: Ball
1-2: Foul Ball, location: 2F
1-2: DOUBLE (Line Drive, 3D, EV 94.4 MPH)
Aristotle Auer to third
Batting: RHB Imbart Baars 0-0: Called Strike
0-1: Ball
1-1: Ball
2-1: Ball
3-1: Base on Balls
Batting: LHB Tony McMillan 0-0: Ball
1-0: Called Strike
1-1: Fielders Choice at 2nd, 4-6 (Groundball, 4, EV 91.2 MPH)
Aristotle Auer scores
Marcos Román to third
Batting: RHB Hulama Yani 0-0: Ball
1-0: Ball
2-0: Ball
3-0: Called Strike
3-1: Foul Ball, location: 2F
3-2: Fly out, F8 (Line Drive, 8RM, EV 91.2 MPH)
Bottom of the 1st over - 1 run, 1 hit, 0 errors, 2 left on base; Providence 0 - Ottawa 1
TOP OF THE 2ND
Providence Pilgrims batting - Pitching for Ottawa Nationals : RHP Ernest Brock
Batting: RHB Gabriel Méndez 0-0: Foul Ball, location: 2F
0-1: Ball
1-1: Fly out, F8 (Flyball, 89M, EV 86.9 MPH)
Batting: RHB Keith Lynn 0-0: Ball
1-0: Foul Ball, location: 2F
1-1: Fly out, F4 (Popup, 34, EV 61.9 MPH)
Batting: RHB Allen Kelley 0-0: Ball
1-0: Called Strike
1-1: Ball
2-1: Called Strike
2-2: Strikes out swinging
Top of the 2nd over - 0 runs, 0 hits, 0 errors, 0 left on base; Providence 0 - Ottawa 1
BOTTOM OF THE 2ND
Ottawa Nationals batting - Pitching for Providence Pilgrims : RHP Rick Hubbard
Batting: LHB Ewold de Regt 0-0: Hit by Pitch
Batting: RHB Michael Collier 0-0: Foul Ball, location: 2F
0-1: Grounds into double play, 5-4-3 (Groundball, 56, EV 113.8 MPH)
Batting: RHB Joe Padilla 0-0: Ball
1-0: Called Strike
1-1: Ball
2-1: SINGLE (Line Drive, 34D, EV 94.4 MPH)
Batting: LHB Knox Loposer 0-0: Fly out, F9 (Flyball, 9D, EV 101.2 MPH)
Bottom of the 2nd over - 0 runs, 1 hit, 0 errors, 1 left on base; Providence 0 - Ottawa 1
TOP OF THE 3RD
Providence Pilgrims batting - Pitching for Ottawa Nationals : RHP Ernest Brock
Batting: RHB Julián Vélez 0-0: Ball
1-0: Called Strike
1-1: Foul Ball, location: 2F
1-2: Ball
2-2: SINGLE (Line Drive, 34D, EV 96.2 MPH)
Batting: RHB Bill Blair 0-0: Ball
1-0: Foul Ball, location: 2F
1-1: Foul Ball, location: 2F
1-2: Strikes out swinging
Batting: RHB Jesse McCoy 0-0: Swinging Strike
0-1: Foul Ball, location: 2F
0-2: Ball
1-2: SINGLE (Flyball, 7S, EV 90.0 MPH)
Julián Vélez to second
Batting: LHB César Valtez 0-0: Fly out, F8 (Line Drive, 8LM, EV 88.1 MPH)
Batting: RHB Carlos González 0-0: Called Strike
0-1: TRIPLE (Flyball, 89XD, EV 111.9 MPH)
Julián Vélez scores
Jesse McCoy scores
Batting: RHB Chris Hall 0-0: Ball
1-0: SINGLE (Groundball, 5D, EV 96.9 MPH)
Carlos González scores
Batting: RHB Gabriel Méndez 0-0: Swinging Strike
0-1: Foul Ball, location: 2F
0-2: Ball
1-2: Foul Ball, location: 2F
1-2: Strikes out swinging
Top of the 3rd over - 3 runs, 4 hits, 0 errors, 1 left on base; Providence 3 - Ottawa 1
BOTTOM OF THE 3RD
Ottawa Nationals batting - Pitching for Providence Pilgrims : RHP Rick Hubbard
Batting: SHB Aristotle Auer 0-0: Foul Ball, location: 2F
0-1: Ground out 4-3 (Groundball, 4, EV 79.4 MPH)
Batting: SHB Marcos Román 0-0: Called Strike
0-1: Fly out, F2 (Popup, 2L, EV 93.1 MPH)
Batting: RHB Imbart Baars 0-0: Ball
1-0: Foul Ball, location: 2F
1-1: Foul Ball, location: 2F
1-2: Foul Ball, location: 2F
1-2: Strikes out swinging
Bottom of the 3rd over - 0 runs, 0 hits, 0 errors, 0 left on base; Providence 3 - Ottawa 1
TOP OF THE 4TH
Providence Pilgrims batting - Pitching for Ottawa Nationals : RHP Ernest Brock
Batting: RHB Keith Lynn 0-0: Ball
1-0: Swinging Strike
1-1: Called Strike
1-2: Ball
2-2: Fly out, F9 (Flyball, 9D, EV 96.2 MPH)
Batting: RHB Allen Kelley 0-0: Ball
1-0: Called Strike
1-1: Called Strike
1-2: Strikes out swinging
Batting: RHB Julián Vélez 0-0: Called Strike
0-1: Foul Ball, location: 2F
0-2: Foul Ball, location: 2F
0-2: Ball
1-2: Foul Ball, location: 2F
1-2: Ball
2-2: Strikes out swinging
Top of the 4th over - 0 runs, 0 hits, 0 errors, 0 left on base; Providence 3 - Ottawa 1
BOTTOM OF THE 4TH
Ottawa Nationals batting - Pitching for Providence Pilgrims : RHP Rick Hubbard
Batting: LHB Tony McMillan 0-0: Fly out, F9 (Flyball, 9S, EV 73.8 MPH)
Batting: RHB Hulama Yani 0-0: Foul Ball, location: 2F
0-1: Ball
1-1: Ball
2-1: Ground out 6-3 (Groundball, 6, EV 88.8 MPH)
Batting: LHB Ewold de Regt 0-0: Ground out 4-3 (Groundball, 4, EV 88.8 MPH)
Bottom of the 4th over - 0 runs, 0 hits, 0 errors, 0 left on base; Providence 3 - Ottawa 1
TOP OF THE 5TH
Providence Pilgrims batting - Pitching for Ottawa Nationals : RHP Ernest Brock
Batting: RHB Bill Blair 0-0: Ball
1-0: Ground out 5-3 (Groundball, 56, EV 83.1 MPH)
Batting: RHB Jesse McCoy 0-0: Fly out, F9 (Flyball, 9LD, EV 104.4 MPH)
Batting: LHB César Valtez 0-0: TRIPLE (Flyball, 9LD, EV 98.1 MPH)
Batting: RHB Carlos González 0-0: Called Strike
0-1: Foul Ball, location: 2F
0-2: Ball
1-2: Foul Ball, location: 2F
1-2: Ball
2-2: Fly out, F9 (Flyball, 89D, EV 104.4 MPH)
Top of the 5th over - 0 runs, 1 hit, 0 errors, 1 left on base; Providence 3 - Ottawa 1
BOTTOM OF THE 5TH
Ottawa Nationals batting - Pitching for Providence Pilgrims : RHP Rick Hubbard
Batting: RHB Michael Collier 0-0: Ball
1-0: Ball
2-0: Ball
3-0: Called Strike
3-1: Called Strike
3-2: Base on Balls
Batting: RHB Joe Padilla 0-0: Ball
1-0: Grounds into double play, 4-6-3 (Groundball, 4, EV 90.6 MPH)
Batting: LHB Knox Loposer 0-0: Ball
1-0: Called Strike
1-1: Ball
2-1: Ball
3-1: Swinging Strike
3-2: Strikes out swinging, 2-3 out at first.
Bottom of the 5th over - 0 runs, 0 hits, 0 errors, 0 left on base; Providence 3 - Ottawa 1
TOP OF THE 6TH
Providence Pilgrims batting - Pitching for Ottawa Nationals : RHP Ernest Brock
Batting: RHB Chris Hall 0-0: Called Strike
0-1: Ball
1-1: Ball
2-1: Foul Ball, location: 2F
2-2: Ball
3-2: Foul Ball, location: 2F
3-2: SINGLE (Flyball, 9S, EV 93.1 MPH)
Batting: RHB Gabriel Méndez 0-0: Swinging Strike
0-1: Swinging Strike
0-2: SINGLE (Flyball, 89S, EV 90.6 MPH)
Chris Hall to second
Runner from 2nd tries for 3rd, SAFE, no throw by RF
Batting: RHB Keith Lynn 0-0: Fielders Choice at 2nd, 6-4 (Groundball, 6M, EV 85.6 MPH)
Chris Hall scores
Batting: RHB Allen Kelley 0-0: Called Strike
0-1: Ball
1-1: Foul Ball, location: 2F
1-2: Ball
2-2: Foul Ball, location: 2F
2-2: Fly out, F9 (Line Drive, 9, EV 108.8 MPH)
Batting: RHB Julián Vélez 0-0: Ball
1-0: Swinging Strike
1-1: Ball
2-1: Called Strike
2-2: Strikes out swinging
Top of the 6th over - 1 run, 2 hits, 0 errors, 1 left on base; Providence 4 - Ottawa 1
BOTTOM OF THE 6TH
Ottawa Nationals batting - Pitching for Providence Pilgrims : RHP Rick Hubbard
Batting: SHB Aristotle Auer 0-0: Called Strike
0-1: Swinging Strike
0-2: Foul Ball, location: 2F
0-2: Foul Ball, location: 2F
0-2: Ball
1-2: Strikes out looking
Batting: SHB Marcos Román 0-0: Fly out, F4 (Popup, 4D, EV 69.4 MPH)
Batting: RHB Imbart Baars 0-0: Ball
1-0: Called Strike
1-1: Ball
2-1: Foul Ball, location: 2F
2-2: Foul Ball, location: 2F
2-2: Ball
3-2: SINGLE (Flyball, 34D, EV 90.0 MPH)
Batting: LHB Tony McMillan 0-0: Foul Ball, location: 2F
0-1: Ball
1-1: Called Strike
1-2: Ball
2-2: Ball
3-2: Base on Balls
Imbart Baars to second
Batting: RHB Hulama Yani 0-0: Ball
1-0: Called Strike
1-1: Fly out, F7 (Flyball, 7LS, EV 76.2 MPH)
Bottom of the 6th over - 0 runs, 1 hit, 0 errors, 2 left on base; Providence 4 - Ottawa 1
TOP OF THE 7TH
Providence Pilgrims batting - Pitching for Ottawa Nationals : RHP Ernest Brock
Batting: RHB Bill Blair 0-0: Called Strike
0-1: Ball
1-1: Foul Ball, location: 2F
1-2: Strikes out swinging
Batting: RHB Jesse McCoy 0-0: Ball
1-0: Fly out, F7 (Line Drive, 7D, EV 95.6 MPH)
Batting: LHB César Valtez 0-0: Ball
1-0: Ball
2-0: Called Strike
2-1: Ball
3-1: Called Strike
3-2: Strikes out swinging
Top of the 7th over - 0 runs, 0 hits, 0 errors, 0 left on base; Providence 4 - Ottawa 1
BOTTOM OF THE 7TH
Ottawa Nationals batting - Pitching for Providence Pilgrims : RHP Rick Hubbard
Batting: LHB Ewold de Regt 0-0: Called Strike
0-1: Ground out 1-3 (Groundball, P, EV 94.4 MPH)
Batting: RHB Michael Collier 0-0: Called Strike
0-1: Ball
1-1: Foul Ball, location: 2F
1-2: Ball
2-2: Ground out U3 (Groundball, 34, EV 90.6 MPH)
Batting: RHB Joe Padilla 0-0: Called Strike
0-1: Ball
1-1: Ball
2-1: Ball
3-1: Called Strike
3-2: Foul Ball, location: 2F
3-2: Foul Ball, location: 2F
3-2: Base on Balls
Batting: LHB Knox Loposer 0-0: Swinging Strike
0-1: Ball
1-1: Called Strike
1-2: Foul Ball, location: 2F
1-2: Strikes out swinging
Bottom of the 7th over - 0 runs, 0 hits, 0 errors, 1 left on base; Providence 4 - Ottawa 1
TOP OF THE 8TH
Providence Pilgrims batting - Pitching for Ottawa Nationals : RHP Ernest Brock
Batting: RHB Carlos González 0-0: Ball
1-0: Ball
2-0: Ground out 6-3 (Groundball, 6, EV 81.9 MPH)
Batting: RHB Chris Hall 0-0: Fly out, F7 (Flyball, 7S, EV 81.9 MPH)
Batting: RHB Gabriel Méndez 0-0: Foul Ball, location: 2F
0-1: Ball
1-1: Ball
2-1: SOLO HOME RUN (Flyball, 8LXD, EV 101.2 MPH), Distance : 409 ft
Batting: RHB Keith Lynn 0-0: Ball
1-0: Ball
2-0: Ball
3-0: Base on Balls
Batting: RHB Allen Kelley 0-0: Ball
1-0: Called Strike
1-1: Fielders Choice at 2nd, 6-4 (Groundball, 56, EV 102.5 MPH)
Top of the 8th over - 1 run, 1 hit, 0 errors, 1 left on base; Providence 5 - Ottawa 1
BOTTOM OF THE 8TH
Ottawa Nationals batting - Pitching for Providence Pilgrims : RHP Rick Hubbard
Pitching: RHP Lúcio Salas
Batting: SHB Aristotle Auer 0-0: Ball
1-0: Ball
2-0: Called Strike
2-1: Foul Ball, location: 2F
2-2: Foul Ball, location: 2F
2-2: Foul Ball, location: 2F
2-2: Ground out 1-3 (Groundball, P, EV 80.6 MPH)
Batting: SHB Marcos Román 0-0: Ball
1-0: Foul Ball, location: 2F
1-1: Foul Ball, location: 2F
1-2: Ball
2-2: Ball
3-2: Fly out, F9 (Flyball, 9S, EV 95.0 MPH)
Batting: RHB Imbart Baars 0-0: Fly out, F8 (Flyball, 78M, EV 88.8 MPH)
Bottom of the 8th over - 0 runs, 0 hits, 0 errors, 0 left on base; Providence 5 - Ottawa 1
TOP OF THE 9TH
Providence Pilgrims batting - Pitching for Ottawa Nationals : RHP Ernest Brock
Batting: RHB Julián Vélez 0-0: SINGLE (Line Drive, 56D, EV 106.2 MPH)
Batting: RHB Bill Blair 0-0: Sac Bunt to 25 - play at first, batter OUT! 5-3
Julián Vélez to second
Batting: RHB Jesse McCoy 0-0: Foul Ball, location: 2F
0-1: Called Strike
0-2: Strikes out swinging
Batting: LHB César Valtez 0-0: Swinging Strike
0-1: Ball
1-1: SINGLE (Groundball, 3, EV 91.2 MPH) (infield hit)
Julián Vélez to third
Batting: RHB Carlos González 0-0: Called Strike
0-1: Swinging Strike
0-2: Ball
1-2: Ball
2-2: Ball
3-2: Base on Balls
César Valtez to second
Batting: RHB Chris Hall 0-0: SINGLE (Line Drive, 8LS, EV 95.6 MPH)
Julián Vélez scores
César Valtez to third
Carlos González to second
Runner from 3rd tries for Home, SAFE, no throw by CF
Pitching: RHP Jim Maxwell
Batting: RHB Gabriel Méndez 0-0: Foul Ball, location: 2F
0-1: Foul Ball, location: 2F
0-2: Ball
1-2: Strikes out swinging
Top of the 9th over - 2 runs, 3 hits, 0 errors, 2 left on base; Providence 7 - Ottawa 1
BOTTOM OF THE 9TH
Ottawa Nationals batting - Pitching for Providence Pilgrims : RHP Lúcio Salas
Batting: LHB Tony McMillan 0-0: Foul Ball, location: 2F
0-1: Foul Ball, location: 2F
0-2: Ball
1-2: Ball
2-2: Ball
3-2: Foul Ball, location: 2F
3-2: Fly out, F8 (Flyball, 8LS, EV 90.6 MPH)
Batting: RHB Hulama Yani 0-0: Swinging Strike
0-1: Ground out 1-3 (Groundball, P, EV 94.4 MPH)
Batting: LHB Ewold de Regt 0-0: Called Strike
0-1: Ball
1-1: Swinging Strike
1-2: Strikes out swinging
Bottom of the 9th over - 0 runs, 0 hits, 0 errors, 0 left on base; Providence 7 - Ottawa 1
Friday, March 26th, 2021 - OOTP Baseball 20.8 Build 74